 Dungeon Crawl Stone Soup version 0.13.0-26-gf7ffa3a (webtiles) character file.

244 BoredOne the Ruffian (level 4, -6/44 HPs)
             Began as a Troll Monk on Nov 1, 2013.
             Killed by divine providence
             ... invoked by an orc priest
              (15 damage)
             ... on Level 3 of the Dungeon.
             The game lasted 00:03:56 (1590 turns).

BoredOne the Ruffian (Troll Monk)                   Turns: 1590, Time: 00:03:57

HP  -6/44        AC  5     Str 19      XL: 4   Next: 57%
MP   1/1         EV 10     Int  6      God:
Gold 137         SH  0     Dex 13      Spells:  0 memorised,  3 levels left

Res.Fire  : . . .   See Invis. : +     - Unarmed
Res.Cold  : . . .   Warding    : .   a - +0 robe
Life Prot.: . . .   Conserve   : .   (shield restricted)
Res.Poison: .       Res.Corr.  : .   (helmet restricted)
Res.Elec. : .       Clarity    : .   (no cloak)
Sust.Abil.: . .     Spirit.Shd : .   (gloves unavailable)
Res.Mut.  : .       Stasis     : .   (boots unavailable)
Res.Rott. : .       Flight     : .   (no amulet)
Gourmand  : +                        p - ring of sustenance
                                     m - ring of see invisible {unknown}

@: slightly resistant to hostile enchantments, unstealthy
A: unfitting armour, claws 3, fast metabolism 3, gourmand, regeneration 2,
saprovore 2, tough skin 2, AC +1
a: no special abilities


You were on level 3 of the Dungeon.
You were very full.

You visited 1 branch of the dungeon, and saw 3 of its levels.

You collected 137 gold pieces.

Inventory:

Armour
 a - a +0 robe (worn)
Comestibles
 b - 2 meat rations
 f - a pear
 n - an apricot
 s - 2 bread rations
 t - a choko
Scrolls
 c - 2 scrolls of remove curse {unknown}
 d - 2 scrolls of enchant weapon II {unknown}
 h - 2 scrolls of teleportation {unknown}
 i - a scroll of magic mapping {unknown}
 j - 3 scrolls of identify {unknown}
 l - a scroll of fear {unknown}
 o - 2 scrolls of blinking {unknown}
 q - 3 scrolls of random uselessness {unknown}
 r - a scroll of noise {unknown}
Jewellery
 m - a ring of see invisible (left claw) {unknown}
 p - a ring of sustenance (right claw)
Potions
 e - a potion of heal wounds {unknown}
 g - 3 potions of curing {unknown}
 k - 2 potions of agility {unknown}
 u - a potion of speed {unknown}


   Skills:
 + Level 3.5 Fighting
 - Level 2.7 Dodging
 - Level 1.1 Stealth
 + Level 4.8 Unarmed Combat


You had 3 spell levels left.
You didn't know any spells.

Dungeon Overview and Level Annotations

Branches:
Dungeon (3/27)

Altars:
Makhleb


Innate Abilities, Weirdness & Mutations

You are too large for most types of armour.
You have claws for hands.
Your metabolism is lightning-fast.
You like to eat raw meat.
You heal very quickly.
You can eat rotten meat.
You are covered in fur (AC +1).
You have very tough skin (AC +2).


Message History

Pain shoots through your body!
You claw the orc priest!
You kill the orc priest!
The orc hits you with an orcish short sword.
The orc priest calls down the wrath of Beogh upon you.
Something smites you!
* * * LOW HITPOINT WARNING * * *
The orc hits you with an orcish dagger.
* * * LOW HITPOINT WARNING * * *
The goblin hits you.
* * * LOW HITPOINT WARNING * * *
An orc comes into view. It is wielding an orcish dagger.
An orc comes into view. It is wielding an orcish dagger.
The orc shouts!
The orc hits you with an orcish short sword.
* * * LOW HITPOINT WARNING * * *
Found 10 arrows.
The orc priest invokes the aid of Beogh against you.
Something smites you!
You die...

#.....#.#.....(.#.....
###.#/#.#....####....#
#.#.#.#....# #.#
#.#.#.###... #.#.#.#
#...#
#.####.#)#.###...#
#.....oo..........
#.#...g#.#.###..###
......?.)o@......>.
##.#....#o#.###...
#...##.#....# #...
#.#....# #.. #.#....#
# #.#o#... <[..o.(..
#?#.#..$ ...


You could see an orc priest, 4 orcs and a goblin.

Vanquished Creatures
  An orc priest (D:3)
  An adder (D:2)
  A giant mite (D:2)
  A worm (D:2)
  A giant gecko (D:3)
  2 orcs (D:3)
  6 bats
  8 hobgoblins
  2 giant cockroaches
  5 giant newts
  9 goblins
  9 kobolds
  10 rats
56 creatures vanquished.

Notes
Turn   | Place    | Note
--------------------------------------------------------------
     0 | D:1      | BoredOne, the Troll Monk, began the quest for the Orb.
     0 | D:1      | Reached XP level 1. HP: 20/20 MP: 0/0
   161 | D:1      | Reached XP level 2. HP: 22/28 MP: 0/0
   673 | D:2      | Reached XP level 3. HP: 36/36 MP: 1/1
   900 | D:2      | Reached skill level 3 in Fighting
  1110 | D:2      | Found a burning altar of Makhleb.
  1414 | D:3      | Reached XP level 4. HP: 44/44 MP: 1/1
  1590 | D:3      | Killed from afar by an orc priest

Action                   |  1- 3 |  4- 6 || total
-------------------------+-------+-------++-------
Melee: Unarmed           |   100 |    27 ||   127
 Stab: Sleeping          |     1 |       ||     1
Dungeon Crawl Stone Soup version 0.13.0-26-gf7ffa3a (webtiles) character file. 244 BoredOne the Ruffian (level 4, -6/44 HPs) Began as a Troll Monk on Nov 1, 2013. Killed by divine providence ... invoked by an orc priest (15 damage) ... on Level 3 of the Dungeon. The game lasted 00:03:56 (1590 turns). BoredOne the Ruffian (Troll Monk) Turns: 1590, Time: 00:03:57 HP -6/44 AC 5 Str 19 XL: 4 Next: 57% MP 1/1 EV 10 Int 6 God: Gold 137 SH 0 Dex 13 Spells: 0 memorised, 3 levels left Res.Fire : . . . See Invis. : + - Unarmed Res.Cold : . . . Warding : . a - +0 robe Life Prot.: . . . Conserve : . (shield restricted) Res.Poison: . Res.Corr. : . (helmet restricted) Res.Elec. : . Clarity : . (no cloak) Sust.Abil.: . . Spirit.Shd : . (gloves unavailable) Res.Mut. : . Stasis : . (boots unavailable) Res.Rott. : . Flight : . (no amulet) Gourmand : + p - ring of sustenance m - ring of see invisible {unknown} @: slightly resistant to hostile enchantments, unstealthy A: unfitting armour, claws 3, fast metabolism 3, gourmand, regeneration 2, saprovore 2, tough skin 2, AC +1 a: no special abilities You were on level 3 of the Dungeon. You were very full. You visited 1 branch of the dungeon, and saw 3 of its levels. You collected 137 gold pieces. Dungeon Overview and Level Annotations Branches: Dungeon (3/27) Altars: Makhleb Innate Abilities, Weirdness & Mutations You are too large for most types of armour. You have claws for hands. Your metabolism is lightning-fast. You like to eat raw meat. You heal very quickly. You can eat rotten meat. You are covered in fur (AC +1). You have very tough skin (AC +2). Skills: + Level 3.5 Fighting - Level 2.7 Dodging - Level 1.1 Stealth + Level 4.8 Unarmed Combat You had 3 spell levels left. You didn't know any spells. Inventory: Armour a - a +0 robe (worn) Comestibles b - 2 meat rations f - a pear n - an apricot s - 2 bread rations t - a choko Scrolls c - 2 scrolls of remove curse {unknown} d - 2 scrolls of enchant weapon II {unknown} h - 2 scrolls of teleportation {unknown} i - a scroll of magic mapping {unknown} j - 3 scrolls of identify {unknown} l - a scroll of fear {unknown} o - 2 scrolls of blinking {unknown} q - 3 scrolls of random uselessness {unknown} r - a scroll of noise {unknown} Jewellery m - a ring of see invisible (left claw) {unknown} p - a ring of sustenance (right claw) Potions e - a potion of heal wounds {unknown} g - 3 potions of curing {unknown} k - 2 potions of agility {unknown} u - a potion of speed {unknown} Message History Pain shoots through your body! You claw the orc priest! You kill the orc priest! The orc hits you with an orcish short sword. The orc priest calls down the wrath of Beogh upon you. Something smites you! * * * LOW HITPOINT WARNING * * * The orc hits you with an orcish dagger. * * * LOW HITPOINT WARNING * * * The goblin hits you. * * * LOW HITPOINT WARNING * * * An orc comes into view. It is wielding an orcish dagger. An orc comes into view. It is wielding an orcish dagger. The orc shouts! The orc hits you with an orcish short sword. * * * LOW HITPOINT WARNING * * * Found 10 arrows. The orc priest invokes the aid of Beogh against you. Something smites you! You die... #.....#.#.....(.#..... ###.#/#.#....####....# #.#.#.#....# #.# #.#.#.###... #.#.#.# #...# #.####.#)#.###...# #.....oo.......... #.#...g#.#.###..### ......?.)o@......>. ##.#....#o#.###... #...##.#....# #... #.#....# #.. #.#....# # #.#o#... <[..o.(.. #?#.#..$ ... You could see an orc priest, 4 orcs and a goblin.

Action                   |  1- 3 |  4- 6 || total
-------------------------+-------+-------++-------
Melee: Unarmed           |   100 |    27 ||   127
 Stab: Sleeping          |     1 |       ||     1

Vanquished Creatures
  An orc priest (D:3)
  An adder (D:2)
  A giant mite (D:2)
  A worm (D:2)
  A giant gecko (D:3)
  2 orcs (D:3)
  6 bats
  8 hobgoblins
  2 giant cockroaches
  5 giant newts
  9 goblins
  9 kobolds
  10 rats
56 creatures vanquished. Notes Turn | Place | Note -------------------------------------------------------------- 0 | D:1 | BoredOne, the Troll Monk, began the quest for the Orb. 0 | D:1 | Reached XP level 1. HP: 20/20 MP: 0/0 161 | D:1 | Reached XP level 2. HP: 22/28 MP: 0/0 673 | D:2 | Reached XP level 3. HP: 36/36 MP: 1/1 900 | D:2 | Reached skill level 3 in Fighting 1110 | D:2 | Found a burning altar of Makhleb. 1414 | D:3 | Reached XP level 4. HP: 44/44 MP: 1/1 1590 | D:3 | Killed from afar by an orc priest

Vault maps used:
D:1:      enne_entry_octagon_isle
D:2:      lemuel_crystal_altar
D:3:      first_bread, hex_medium, tgw_xom
